 Dungeon Crawl Stone Soup version 0.26.0-18-gc5c842f807 (webtiles) character file.

Game seed: 14155213197908082902

33 thiole the Sneak (level 3, 0/21 HPs)
             Began as an Octopode Hedge Wizard on Jan 23, 2021.
             Slain by a jackal (2 damage)
             ... on level 2 of the Dungeon.
             The game lasted 00:01:24 (1291 turns).

thiole the Sneak (Octopode Hedge Wizard)            Turns: 1291, Time: 00:01:24

Health: 0/21       AC:  1    Str:  8 (9)  XL:     3   Next: 29%
Magic:  7/7        EV: 13    Int: 16 (17) God:
Gold:   90         SH:  0    Dex: 10 (11) Spells: 7/8 levels left

rFire    . . .     SeeInvis .   a - +0 dagger
rCold    . . .     Faith    .   (no shield)
rNeg     . . .     Spirit   .   b - +0 hat
rPois    .         Reflect  .   (no amulet)
rElec    .         Harm     .   (no ring)
rCorr    .         Rampage  .   (no ring)
Will     .....                  (no ring)
Stlth    +++.......             (no ring)
HPRegen  0.07/turn              (no ring)
MPRegen  0.10/turn              (no ring)
                                (no ring)
                                (no ring)

@: mighty, brilliant
A: almost no armour, stealthy swim, amphibious, 8 rings, constrict 8, camouflage
1, gelatinous body 1
a: no special abilities


You were on level 2 of the Dungeon.
You visited 1 branch of the dungeon, and saw 2 of its levels.

You collected 90 gold pieces.

Inventory:

Hand Weapons
 a - a +0 dagger (weapon)
Armour
 b - a +0 hat (worn)
Scrolls
 d - a scroll of immolation {unknown}
 g - 2 scrolls of noise {unknown}
 h - a scroll of identify {unknown}


   Skills:
 - Level 2.0 Dodging
 + Level 3.2 Stealth
 + Level 3.1 Spellcasting
 * Level 1.9 Conjurations
 * Level 1.9 Summonings
 - Level 1.0 Translocations


You had 7 spell levels left.
You knew the following spells:

 Your Spells              Type           Power        Failure   Level
a - Magic Dart            Conj           52%          9%          1

Your spell library contained the following spells:

 Spells                   Type           Power        Failure   Level
 Call Imp                 Summ           13%          13%         2
 Blink                    Tloc           N/A          19%         2
 Slow                     Hex            3%           28%         2
 Conjure Flame            Conj/Fire      8%           36%         3
 Mephitic Cloud           Conj/Pois/Air  6%           38%         3


Dungeon Overview and Level Annotations

Branches:
Dungeon (2/15)

Altars:


Innate Abilities, Weirdness & Mutations

You cannot wear most types of armour.
You are very stealthy in the water. (Stealth+)
You are amphibious.
You can wear up to eight rings at the same time.
You can use your tentacles to constrict eight enemies at once.
Your skin changes colour to match your surroundings (Stealth+).
Your rubbery body absorbs attacks. (AC +1, EV +1)


Message History

You hit the jackal.
You kill the jackal!
You puncture the adder! Your grab misses the adder.
The adder is severely wounded.
The adder misses you.
You barely miss the adder. Your grab misses the adder.
The adder is severely wounded.
The adder closely misses you.
You hit the adder.
You kill the adder!
You have reached level 3!
Your experience leads to an increase in your attributes!
Your base attributes are Str 9, Int 16, Dex 11.
Increase (s)trength, (i)ntelligence, or (d)exterity?
You feel clever.
You puncture the jackal!
You kill the jackal!
You closely miss the jackal. You grab the jackal. You constrict the jackal.
The jackal bites you.
You die...

#. #.. ...
###.###.####.###
......#.#.#....#
......).........
........)..#
########.#.#<##
.....###.#.###
.............#
#####.###.#.#@#.#.##
.....#.#$# #h#.#..#
#..#.#.###g###.##
##..^....)gg...###
#.........)......#
#..###.###.###.###
#######..#.#.#.....#.#####
....##...#.#.###.###......
###.##.#..............#


You could see 3 gnolls and a jackal.

Vanquished Creatures
  An adder (D:2)
  A worm (D:2)
  A leopard gecko (D:2)
  2 giant cockroaches (D:1)
  2 hobgoblins
  3 jackals (D:2)
  3 kobolds (D:1)
  2 frilled lizards
  3 goblins (D:2)
  A rat (D:2)
19 creatures vanquished.

Notes
Turn   | Place    | Note
-------+----------+-------------------------------------------
     0 | D:1      | thiole the Octopode Hedge Wizard began the quest for the
                  | Orb.
     0 | D:1      | Reached XP level 1. HP: 11/11 MP: 4/4
   384 | D:1      | Reached XP level 2. HP: 17/17 MP: 0/6
  1290 | D:2      | Reached XP level 3. HP: 2/21 MP: 7/7
  1291 | D:2      | Slain by a jackal

Illustrated notes

Levels and vault maps discovered:
D:1:      roderic_crop_circles_arrival_small, layout_basic
D:2:      layout_basic, minmay_misc_feat_nine_boxes, grunt_ministairs_9,
          st_stairs_5, dk_vineyard_2, hangedman_decor_growths

Skill      XL: |  1  2 |
---------------+-------+-----
Stealth        | 3 |  3.2
Dodging        | |  2.0
Spellcasting   | |  3.1
Conjurations   | |  1.9
Summonings     | |  1.9
Translocations | |  1.0

Action                   || total
-------------------------++-------
Melee: Dagger            ||    26
       Tentacles         ||     5
       Constrict         ||     6
 Cast: Magic Dart        ||    37
  Use: Potion            ||     4
 Stab: Sleeping          ||     1
Armor: Skin              ||     3
Dodge: Dodged            ||    19
